 Dungeon Crawl Stone Soup version 0.22-b1-59-g0aedee734a (webtiles) character file.

29726 Pisosu the Severer (level 13, -5/123 HPs)
             Began as a Minotaur Berserker on Aug 9, 2018.
             Was the Champion of Trog.
             Slain by a wolf spider simulacrum (19 damage)
             ... in an ice cave.
             The game lasted 01:06:03 (21289 turns).

Pisosu the Severer (Minotaur Berserker)            Turns: 21289, Time: 01:06:03

Health: -5/123     AC:  6    Str: 26    XL:     13   Next: 16%
Magic:  4/4        EV: 12    Int:  4    God:    Trog [******]
Gold:   1177       SH:  0    Dex: 11    Spells: 12/12 levels left

rFire    + . .     SeeInvis +   X - +5 battleaxe (antimagic)
rCold    . . .     Gourm    .   (shield currently unavailable)
rNeg     . . .     Faith    +   w - +2 leather armour {rPois}
rPois    +         Spirit   .   (helmet restricted)
rElec    .         Reflect  .   F - scarf {cloud immunity}
rCorr    .         Harm     .   (no gloves)
MR       .....                  (no boots)
Stlth    +.........             z - amulet of faith
HPRegen  0.30/turn              g - ring of protection from fire
MPRegen  0.09/turn              L - ring of see invisible

@: no status effects
A: retaliatory headbutt, horns 2
a: Berserk, Trog's Hand, Brothers in Arms, Renounce Religion


You were in an ice cave.
You worshipped Trog.
Trog was exalted by your worship.
You were not hungry.

You visited 2 branches of the dungeon, and saw 16 of its levels.
You also visited: Ossuary and Ice Cave.

You collected 1177 gold pieces.

Inventory:

Hand Weapons
 s - a +0 hunting sling
 K - a +2 battleaxe of venom
 P - the +6 battleaxe "Hutat" {vamp, *Contam MR- Str+10 Int+4}
   (Trog gifted it to you on level 10 of the Dungeon)

   It inflicts no extra harm, but heals its wielder when it wounds a living foe.
   It affects your strength (+10).
   It affects your intelligence (+4).
   It affects your resistance to hostile enchantments.
   It causes magical contamination when unequipped.
 X - a +5 antimagic battleaxe (weapon)
Missiles
 m - 57 bolts
 o - 50 poisoned needles
 q - 2 throwing nets
 A - 11 tomahawks (quivered)
 R - 5 curare-tipped needles
Armour
 w - a +2 leather armour of poison resistance (worn)
 E - a +0 plate armour
 F - a scarf of cloud immunity (worn)
 N - the +1 scale mail of Jigsaw {rPois rF+}
   (You found it on level 8 of the Dungeon)

   It protects you from fire.
   It protects you from poison.
 Y - +0 acid dragon scales
Jewellery
 g - a ring of protection from fire (left hand)
 z - an amulet of faith (around neck)
 C - an uncursed amulet of rage {unknown}
 L - a ring of see invisible (right hand)
Wands
 a - a wand of enslavement (21)
 d - a wand of flame (18)
 y - a wand of polymorph (23)
 O - a wand of random effects (8)
 S - a wand of acid (5)
 T - a wand of iceblast (19)
Scrolls
 b - 6 scrolls of blinking
 e - 2 scrolls of teleportation
 j - 8 scrolls of remove curse
 n - 2 scrolls of enchant weapon
 p - 4 scrolls of immolation
 r - 3 scrolls of magic mapping
 x - a scroll of fear
 J - a scroll of summoning
 Q - a scroll of acquirement {unknown}
 U - a scroll of torment {unknown}
 W - a scroll of random uselessness {unknown}
 Z - a scroll of vulnerability {unknown}
Potions
 c - 4 potions of curing
 h - 5 potions of lignification
 k - 2 potions of brilliance
 l - 6 potions of mutation
 u - 4 potions of might
 v - 4 potions of heal wounds
 B - 3 potions of degeneration {unknown}
 D - a potion of resistance {unknown}
 G - a potion of ambrosia {unknown}
 I - 2 potions of invisibility
 M - 4 potions of flight
 V - a potion of agility {unknown}
Comestibles
 f - 5 chunks of flesh
 i - 21 rations


   Skills:
 + Level 13.7 Fighting
 + Level 17.8 Axes
 - Level 0.7 Slings
 + Level 13.4 Armour
 - Level 2.2 Dodging


You had 12 spell levels left.
You didn't know any spells.
Your spell library was empty.

Dungeon Overview and Level Annotations

Branches:
Dungeon (13/15)            Temple (0/1) D:4            Lair (3/6) D:10
  Swamp (0/4) Lair:3        Snake (0/4) Lair:3          Orc (0/2) D:11
 Vaults (0/5) D:13

Altars:
Fedhas
Gozag
Hepliaklqana
Okawaru
Ru
Sif Muna
Trog
Uskayaw
Yredelemnul

Shops:
D:5 *[   D:7 !   D:9 [   D:11 ([   D:13 *

Portals:
Trove: D:11 (give +3 ice dragon scales)

Annotations:
D:12 Sonja
D:13 2 transporters, lis82's ghost, journeyman MiFi


Innate Abilities, Weirdness & Mutations

You reflexively headbutt those who attack you in melee.
You have a pair of horns on your head.


Message History

There is an ice choked empty arch of ancient stone here.
The wolf simulacrum bites you but does no damage.
You hit the wolf spider simulacrum.
The wolf spider simulacrum is lightly damaged.
You hit the wolf simulacrum. The wolf simulacrum closely misses you.
The wolf spider simulacrum hits you.
The wolf spider simulacrum freezes you!!
The wolf spider simulacrum bites you but does no damage.
You barely miss the wolf spider simulacrum.
You headbutt the wolf spider simulacrum!!
The wolf spider simulacrum is severely damaged.
You hit the wolf simulacrum but do no damage.
The wolf simulacrum bites you but does no damage.
The wolf spider simulacrum hits you!
The wolf spider simulacrum freezes you!!
* * * LOW HITPOINT WARNING * * *
The wolf spider simulacrum bites you.
* * * LOW HITPOINT WARNING * * *
The wolf spider simulacrum freezes you!!
You die...

#### ##..##
###@...##
...##ZZZ....#
#......Z∩.∩.#
##..........#
##..##....##
### ##..##
####


You could see a wolf simulacrum, 2 alligator simulacra and a wolf spider
simulacrum.

Vanquished Creatures
  Azrael (D:12)
  A hydra (Lair:1)
  Harold (D:10)
  A centaur warrior (D:13)
  2 dancing weapons (D:13)
  6 two-headed ogres
  An unseen horror (D:13)
  A deep elf mage (D:12)
  3 cyclopes
  2 centaur zombies
  Psyche (D:11)
  5 spiny frogs
  4 komodo dragons
  A queen bee (D:10)
  A troll (D:10)
  A hornet (D:10)
  Prince Ribbit (D:5)
  3 blink frogs (Lair:2)
  A harpy skeleton (D:13)
  4 hippogriffs
  A vampire (D:13)
  2 wyverns
  A spriggan (D:7)
  2 wraiths
  21 yaks
  3 fire elementals (D:12)
  2 basilisks (Lair:2)
  5 hell hounds
  5 water moccasins
  An acid dragon (D:13)
  3 porcupines (Lair:2)
  10 orc warriors
  An ice beast (D:11)
  3 black bears
  6 ogres
  3 eyes of draining
  2 sky beasts
  2 phantoms
  10 centaurs
  5 wolves
  6 crocodiles
  2 big kobolds
  12 bullfrogs
  3 water moccasin zombies (Ossuary)
  A scorpion (D:13)
  11 killer bees
  3 howler monkeys
  5 crimson imps
  2 quasits
  A bullfrog zombie (D:12)
  22 orc wizards
  6 hounds
  6 jellies
  11 orc priests
  2 centaur skeletons (D:5)
  A gnoll shaman (D:7)
  5 iguanas
  2 bullfrog skeletons
  8 worker ants
  3 big kobold zombies (Ossuary)
  2 mummies (Ossuary)
  A hound zombie (D:7)
  2 hound skeletons
  A worker ant zombie (D:7)
  8 gnolls
  A howler monkey skeleton (D:6)
  18 adders
  8 shadow imps
  An ooze (D:1)
  3 adder skeletons
  10 adder zombies (Ossuary)
  3 worms
  2 dart slugs
  4 leopard geckos
  63 orcs
  8 giant cockroaches
  8 goblins
  10 hobgoblins
  15 jackals
  15 kobolds
  8 quokkas
  4 bats
  4 frilled lizards
  9 hobgoblin zombies (Ossuary)
  2 jackal skeletons
  A jackal zombie (D:5)
  3 kobold zombies (Ossuary)
  4 orc zombies (Ossuary)
  12 rats
  3 plants
474 creatures vanquished.

Vanquished Creatures (others)
  A bullfrog skeleton (D:12)
1 creature vanquished.

Grand Total: 475 creatures vanquished

Notes
Turn   | Place    | Note
-------+----------+-------------------------------------------
     0 | D:1      | Pisosu the Minotaur Berserker began the quest for the Orb.
     0 | D:1      | Reached XP level 1. HP: 19/19 MP: 0/0
   404 | D:1      | Reached XP level 2. HP: 16/27 MP: 1/1
   405 | D:1      | Reached skill level 4 in Axes
   679 | D:1      | Reached XP level 3. HP: 34/34 MP: 2/2
  1311 | D:2      | Reached ** piety under Trog
  1573 | D:2      | Reached XP level 4. HP: 32/41 MP: 3/3
  1766 | D:2      | Reached skill level 5 in Axes
  2245 | D:3      | Reached skill level 5 in Fighting
  2598 | D:3      | Found a transporter.
  2615 | D:3      | Found a transporter.
  2749 | D:3      | Reached XP level 5. HP: 22/48 MP: 4/4
  2751 | D:3      | HP: 1/48 [orc priest/nerve-wracking pain (7)]
  4078 | D:4      | Found a blossoming altar of Fedhas.
  4102 | D:4      | Reached XP level 6. HP: 32/56 MP: 5/5
  4213 | D:4      | Reached skill level 6 in Axes
  4418 | D:4      | Reached skill level 5 in Armour
  4651 | D:4      | Reached *** piety under Trog
  4723 | D:4      | Found a staircase to the Ecumenical Temple.
  4730 | D:4      | Found a sacrificial altar of Ru.
  4974 | D:5      | Entered Level 5 of the Dungeon
  4998 | D:5      | Found Ifol's Armour Shoppe.
  5342 | D:3      | Reached XP level 7. HP: 45/62 MP: 6/6
  5784 | D:5      | Found Ceowimas's Elemental Accessories.
  5921 | D:5      | Reached skill level 7 in Axes
  6070 | D:5      | Found an iron altar of Okawaru.
  6070 | D:5      | Found a hazy altar of Hepliaklqana.
  6096 | D:5      | Noticed Prince Ribbit
  6102 | D:5      | Killed Prince Ribbit
  6148 | D:5      | Reached XP level 8. HP: 59/73 MP: 7/7
  6623 | D:7      | Reached **** piety under Trog
  6623 | D:7      | Reached skill level 8 in Axes
  6720 | D:7      | Found Gith's Distillery.
  6833 | D:7      | Found a sand-covered staircase.
  6841 | Ossuary  | Entered an ossuary
  6916 | Ossuary  | Reached ***** piety under Trog
  6920 | Ossuary  | Reached skill level 9 in Axes
  7330 | D:7      | Received a gift from Trog
  7401 | D:7      | Reached XP level 9. HP: 82/82 MP: 8/8
  7513 | D:7      | Reached skill level 10 in Axes
  7917 | D:6      | Noticed a hand axe
  7917 | D:6      | Noticed a hand axe
  7921 | D:6      | Found a hide-covered altar of Uskayaw.
  8563 | D:6      | Reached skill level 11 in Axes
  9546 | D:8      | Received a gift from Trog
  9727 | D:9      | Found a basalt altar of Yredelemnul.
  9812 | D:9      | Found Jule's Armour Shop.
  9836 | D:9      | Found an opulent altar of Gozag.
 10036 | D:9      | Reached XP level 10. HP: 88/93 MP: 9/9
 10152 | D:9      | Reached skill level 12 in Axes
 10196 | D:9      | Found a bloodstained altar of Trog.
 10219 | D:9      | Found a deep blue altar of Sif Muna.
 10230 | D:9      | Noticed a two-headed ogre
 10236 | D:9      | Killed a two-headed ogre
 10236 | D:9      | Reached skill level 10 in Fighting
 10668 | D:8      | Got a translucent scale mail
 10679 | D:8      | Identified the cursed +1 scale mail of Jigsaw {rPois rF+} (You found it on level 8 of the Dungeon)
 11042 | D:10     | Entered Level 10 of the Dungeon
 11421 | D:10     | Found a staircase to the Lair.
 11477 | D:10     | Received a gift from Trog
 11478 | D:10     | Got a scorched battleaxe {god gift}
 11773 | D:10     | Noticed Harold
 11776 | D:10     | Noticed a two-headed ogre
 11784 | D:10     | Killed Harold
 11784 | D:10     | Reached skill level 13 in Axes
 11784 | D:10     | Reached skill level 10 in Armour
 11806 | D:10     | HP: 4/94 [hell hound (6)]
 11988 | D:10     | Killed a two-headed ogre
 12631 | D:10     | Reached XP level 11. HP: 78/102 MP: 10/10
 12765 | D:10     | Reached skill level 14 in Axes
 14379 | D:11     | Found Ninet's Weapon Emporium.
 14379 | D:11     | Found a staircase to the Orcish Mines.
 14381 | D:11     | Found Rof Ock's Armour Emporium.
 14575 | D:11     | Reached skill level 15 in Axes
 14732 | D:11     | Reached ****** piety under Trog
 14769 | D:11     | Found a portal to a secret trove of treasure.
 14777 | D:11     | Noticed Psyche
 14787 | D:11     | Killed Psyche
 15107 | D:12     | Noticed a two-headed ogre
 15117 | D:12     | Killed a two-headed ogre
 15144 | D:12     | Noticed a two-headed ogre
 15153 | D:12     | Killed a two-headed ogre
 15180 | D:12     | Noticed a deep elf mage
 15188 | D:12     | Killed a deep elf mage
 15371 | D:12     | Reached XP level 12. HP: 86/112 MP: 11/11
 15415 | D:12     | Noticed Sonja
 15419 | D:12     | Noticed Azrael
 15915 | D:12     | Received a gift from Trog
 15925 | D:12     | Reached skill level 16 in Axes
 15936 | D:12     | Identified the +6 battleaxe "Hutat" {vamp, *Contam MR- Str+10 Int+4} (Trog gifted it to you on level 10 of the Dungeon)
 16370 | D:12     | Killed Azrael
 16798 | D:13     | Noticed a centaur warrior
 16837 | D:13     | Found a transporter.
 16837 | D:13     | Noticed a two-headed ogre
 16837 | D:13     | Noticed a two-headed ogre
 16839 | D:13     | Noticed a two-headed ogre
 16839 | D:13     | Noticed lis82's ghost (journeyman MiFi)
 16841 | D:13     | Noticed a frost giant
 16848 | D:13     | Noticed a two-headed ogre
 17034 | D:13     | Killed a two-headed ogre
 17367 | D:13     | Found Pevoezxa's Assorted Antiques.
 17415 | D:13     | Noticed a two-headed ogre
 17419 | D:13     | Killed a two-headed ogre
 17724 | D:13     | Found a gate to the Vaults.
 18032 | D:13     | Reached skill level 17 in Axes
 18035 | D:13     | Killed a centaur warrior
 18356 | D:13     | Found a transporter.
 18597 | Lair:1   | Entered Level 1 of the Lair of Beasts
 19639 | Lair:1   | Noticed an eight-headed hydra
 19935 | Lair:1   | Killed a ten-headed hydra
 20337 | Lair:1   | Reached XP level 13. HP: 98/122 MP: 4/12
 21269 | Lair:3   | Found a frozen archway.
 21284 | IceCv    | Entered an ice cave
 21289 | IceCv    | Slain by a wolf spider simulacrum

Skill      XL: |  1  2  3  4  5  6  7  8  9 10 11 12 |
---------------+-------------------------------------+-----
Fighting       | 4 5 7 8 9 11 12 13 | 13.7
Axes           | 4 5 6 7 9 11 13 15 17 | 17.8
Armour         | 3 4 5 6 7 9 10 11 13 | 13.4
Slings         | |  0.7
Dodging        | |  2.2

Action                   |  1- 3 |  4- 6 |  7- 9 | 10-12 | 13-15 || total
-------------------------+-------+-------+-------+-------+-------++-------
Melee: Hand axe          |   107 |   149 |   409 |       |       ||   665
       Headbutt          |    12 |    40 |    93 |   108 |    18 ||   271
       Morningstar       |       |    37 |       |       |       ||    37
       Battleaxe         |       |       |    34 |   474 |    60 ||   568
 Fire: Hunting sling     |       |    36 |     8 |       |       ||    44
Throw: Stone             |       |     2 |     1 |       |       ||     3
       Tomahawk          |       |       |     3 |       |       ||     3
Invok: Trog's Hand       |       |     1 |       |     2 |       ||     3
       Berserk           |       |       |     1 |     1 |       ||     2
Evoke: Wand              |       |       |       |    16 |       ||    16
  Use: Scroll            |       |     5 |    13 |    10 |     1 ||    29
       Potion            |       |       |       |     1 |       ||     1
 Stab: Distracted        |       |       |     1 |       |       ||     1
  Eat: Chunk             |     1 |    10 |    10 |    22 |     1 ||    44
       Ration            |       |     1 |     2 |     4 |       ||     7
Armor: Animal skin       |     9 |       |       |       |       ||     9
       Ring mail         |    23 |    68 |    28 |       |       ||   119
       Plate armour      |       |       |   193 |   216 |       ||   409
       Scale mail        |       |       |       |    54 |       ||    54
       Leather armour    |       |       |       |    11 |    11 ||    22
Dodge: Dodged            |    59 |   128 |   157 |   312 |    16 ||   672
